Map: Beckett Industries LE

Players

Krystianer

  • Race: Protoss Protoss

MaNa - Winner!

  • Race: Protoss Protoss

Event: DreamHack SC2 Masters 2021 Fall

VOD

Have the link to the VOD?

Description

Time

  • Played on: Aug. 8, 2021, 10:38 a.m.
  • Length: 8:36

All games in this series

Show
View Real Time Build Order
Export as new Build Order

Krystianer Protoss 

Build Orders: Phoenix Opening 

Get SALT Encoding   

  12  0:00  Probe  
  13  0:12  Probe  
  14  0:17  Pylon  
  14  0:24  Probe (Chrono Boost)  
  16  0:36  Probe (Chrono Boost)  
  16  0:37  Gateway  
  16  0:42  Probe (Chrono Boost)  
  16  0:45  Assimilator  
  17  0:50  Probe  
  17  0:54  Assimilator  
  18  1:03  Probe (Chrono Boost)  
  19  1:07  Gateway  
  20  1:12  Probe (Chrono Boost)  
  20  1:17  Probe (Chrono Boost)  
  20  1:24  Cybernetics Core  
  21  1:29  Probe  
  22  1:36  Pylon  
  22  1:41  Probe  
  24  1:54  Probe  
  24  2:01  Sentry, Stalker, Warp Gate  
  28  2:06  Probe  
  29  2:13  Pylon  
  29  2:18  Probe  
  30  2:31  Sentry, Stalker  
  34  2:49  Nexus  
  34  2:56  Shield Battery  
  34  3:08  Shield Battery, Stalker  
  36  3:13  Sentry  
  36  3:14  Probe  
  39  3:27  Pylon  
  39  3:37  Twilight Council  
  39  3:45  Probe  
  39  3:47  Phoenix  
  40  3:50  Stalker x2  
  44  3:57  Probe (Chrono Boost)  
  44  4:00  Pylon  
  44  4:02  Probe (Chrono Boost)  
  46  4:09  Probe (Chrono Boost)  
  47  4:12  Probe (Chrono Boost)  
  47  4:14  Probe (Chrono Boost)  
  47  4:17  Shield Battery, Probe (Chrono Boost)  
  49  4:18  Blink (Chrono Boost)  
  49  4:23  Probe  
  51  4:28  Probe  
  52  4:35  Probe  
  52  4:37  Adept x2  
  57  4:42  Probe  
  58  4:45  Forge  
  58  4:47  Probe  
  59  4:56  Probe  
  59  4:58  Stalker x2  
  64  5:02  Assimilator  
  64  5:03  Probe  
  65  5:08  Probe  
  64  5:15  Probe  
  64  5:20  Probe  
  62  5:22  Protoss Ground Weapons Level 1 (Chrono Boost)  
  59  5:34  Nexus  
  56  5:36  Pylon  
  56  5:40  Gateway  
  56  5:42  Gateway  
  54  5:43  Sentry  
  54  5:45  Robotics Facility  
  56  5:50  Gateway  
  56  5:52  Gateway  
  56  5:56  Stalker  
  58  5:58  Probe  
  58  6:03  Shield Battery  
  59  6:08  Stalker  
  61  6:15  Probe x2  
  63  6:22  Stalker  
  65  6:29  Warp Prism (Chrono Boost)  
  67  6:34  Stalker  
  67  6:35  Probe x2  
  67  6:38  Stalker x2  
  75  6:47  Stalker  
  75  6:48  Stalker x2  
  81  6:58  Observer  
  81  7:00  Probe  
  77  7:03  Probe  
  77  7:04  Probe  
  71  7:14  Stalker x3  
  73  7:15  Probe  
  73  7:18  Probe  
  73  7:21  Probe  
  67  7:23  Pylon  
  67  7:27  Stalker  
  63  7:41  Stalker x3  
  67  7:44  Probe x2  
  67  7:52  Pylon  
  67  7:57  Probe  
  67  7:58  Probe  
  68  8:01  Zealot x2  
  68  8:02  Probe  
  68  8:03  Zealot  
  70  8:06  Stalker x3  
  70  8:09  Probe  
  71  8:13  Shield Battery  
  67  8:26  Stalker x3  
  65  8:33  Stalker  
Show
View Real Time Build Order
Export as new Build Order

MaNa Protoss - Winner!

Build Orders:  

Get SALT Encoding   

  12  0:00  Probe  
  13  0:12  Probe  
  14  0:19  Pylon  
  14  0:24  Probe  
  15  0:37  Probe (Chrono Boost)  
  15  0:38  Gateway  
  16  0:46  Probe (Chrono Boost)  
  16  0:48  Assimilator  
  17  0:51  Probe  
  17  0:55  Assimilator  
  18  1:03  Probe (Chrono Boost)  
  19  1:07  Gateway  
  19  1:13  Probe (Chrono Boost)  
  19  1:18  Probe (Chrono Boost)  
  21  1:25  Cybernetics Core  
  21  1:30  Probe  
  22  1:38  Pylon  
  22  1:42  Probe  
  23  1:56  Probe  
  24  2:02  Stalker x2, Warp Gate  
  24  2:08  Probe  
  29  2:15  Pylon  
  29  2:29  Pylon  
  33  2:37  Probe  
  33  2:39  Stalker x2  
  33  2:58  Nexus  
  33  3:02  Probe  
  34  3:14  Probe  
  34  3:15  Pylon  
  34  3:16  Sentry x2  
  39  3:27  Twilight Council  
  39  3:33  Probe (Chrono Boost)  
  40  3:45  Probe (Chrono Boost)  
  41  3:50  Adept x2  
  41  3:54  Probe (Chrono Boost)  
  46  4:01  Forge  
  46  4:07  Probe  
  47  4:10  Probe  
  47  4:13  Blink  
  48  4:19  Probe (Chrono Boost)  
  48  4:22  Probe (Chrono Boost)  
  50  4:25  Shield Battery  
  50  4:30  Probe (Chrono Boost)  
  52  4:31  Probe (Chrono Boost)  
  52  4:32  Protoss Ground Weapons Level 1 (Chrono Boost)  
  52  4:35  Probe (Chrono Boost)  
  52  4:37  Probe  
  50  4:50  Robotics Facility, Probe (Chrono Boost)  
  50  4:51  Probe (Chrono Boost)  
  52  4:55  Stalker  
  52  4:59  Stalker  
  56  5:01  Probe (Chrono Boost)  
  56  5:08  Shield Battery  
  51  5:16  Probe x2  
  51  5:21  Stalker  
  51  5:22  Stalker  
  51  5:26  Gateway  
  51  5:28  Gateway  
  55  5:37  Warp Prism  
  55  5:41  Gateway  
  55  5:42  Gateway  
  55  5:44  Assimilator  
  55  5:51  Sentry x2  
  55  5:55  Pylon  
  59  6:03  Nexus  
  59  6:11  Pylon  
  59  6:13  Observer  
  59  6:15  Stalker x2  
  64  6:26  Pylon  
  64  6:35  Stalker x3  
  64  6:36  Stalker  
  64  6:39  Probe x2  
  74  6:53  Stalker x2  
  70  7:10  Stalker x4  
  70  7:25  Probe x3  
  67  7:37  Probe  
  67  7:38  Stalker x4  
  67  7:42  Probe x2  
  67  7:43  Warp Prism  
  78  7:54  Probe  
  79  7:59  Stalker x2  
  79  8:02  Stalker x2, Zealot x2  
  90  8:06  Probe  
  90  8:10  Probe  
  90  8:11  Probe  
  91  8:28  Stalker  
  91  8:29  Stalker x3  
  91  8:32  Pylon  
  91  8:34  Pylon  

Tags
 
Add a new tag
Caveats
  • Supply blocks, unpowered buildings, or Contaminate may cause inaccurate times.
  • Supply counts are checked every 10 seconds.